 Dungeon Crawl Stone Soup version 0.23.2-30-g0e89c35649 (webtiles) character file.

Game seed: 2942491357712670810

2699 Hatywr the Severer (level 9, -5/70 HPs)
             Began as a Hill Orc Monk on June 23, 2019.
             Was a Believer of Beogh.
             Slain by a two-headed ogre
             ... wielding a +0 giant spiked club
              (10 damage)
             ... on level 7 of the Dungeon.
             The game lasted 00:13:14 (7836 turns).

Hatywr the Severer (Hill Orc Monk)                  Turns: 7836, Time: 00:13:15

Health: -5/70      AC: 20    Str: 17    XL:     9   Next: 65%
Magic:  3/9        EV:  0    Int: 10    God:    Beogh [**....]
Gold:   387        SH: 12    Dex: 13    Spells: 8/8 levels left

rFire    . . .     SeeInvis .   n - +0 war axe
rCold    . . .     Gourm    .   p - +1 large shield
rNeg     . . .     Faith    .   B - +8 plate armour {ponderous}
rPois    .         Spirit   .   (no helmet)
rElec    .         Reflect  .   (no cloak)
rCorr    .         Harm     .   g - +0 pair of gloves
MR       .....                  f - +0 pair of boots
Stlth    ..........             (no amulet)
HPRegen  0.21/turn              (no ring)
MPRegen  0.11/turn              (no ring)

@: slow
A: no striking features
a: Smiting, Renounce Religion


You were on level 7 of the Dungeon.
You worshipped Beogh.
Beogh was pleased with you.
You were not hungry.

You visited 1 branch of the dungeon, and saw 8 of its levels.

You collected 507 gold pieces.
You spent 120 gold pieces at shops.

Inventory:

Hand Weapons
 a - a +0 hand axe
 n - a +0 war axe (weapon)
Armour
 b - a +0 robe
 f - a +0 pair of boots (worn)
 g - a +0 pair of gloves (worn)
 k - a +0 ring mail
 p - a +1 large shield (worn)
 B - a +8 plate armour of ponderousness (worn)
Jewellery
 q - an uncursed ring of attention
 F - a -3 ring of strength
 G - an uncursed ring of teleportation
Wands
 w - a wand of polymorph (8)
 A - a wand of random effects (14)
Scrolls
 e - a scroll of noise
 h - 3 scrolls of immolation
 i - 8 scrolls of identify
 o - 3 scrolls of enchant armour
 u - 3 scrolls of teleportation
 v - 3 scrolls of blinking {unknown}
 x - a scroll of enchant weapon {unknown}
 y - a scroll of torment {unknown}
 D - a scroll of amnesia {unknown}
Potions
 d - a potion of might {unknown}
 j - a potion of invisibility {unknown}
 l - a potion of lignification
 m - 3 potions of degeneration
 r - 2 potions of brilliance
 t - a potion of haste
 z - a potion of resistance {unknown}
 C - a potion of curing {unknown}
 E - a potion of cancellation {unknown}
Comestibles
 c - 13 rations


   Skills:
 + Level 3.6 Fighting
 - Level 16.0 Axes
 + Level 0.0 Armour
 - Level 2.4 Dodging
 - Level 1.5 Stealth
 + Level 0.0 Shields
 + Level 0.0 Invocations


You had 8 spell levels left.
You didn't know any spells.
Your spell library contained the following spells:

 Spells                   Type           Power        Failure   Level  Hunger
 Animate Skeleton         Necr           N/A          100%        1    ##.....
 Apportation              Tloc           #.....       100%        1    ##.....
 Confusing Touch          Hex            #.....       100%        1    ##.....
 Summon Small Mammal      Summ           #...         100%        1    ##.....


Dungeon Overview and Level Annotations

Branches:
Dungeon (8/15)             Temple (0/1) D:5
   Lair: D:8-11

Altars:
Ashenzari
Cheibriados
Dithmenos
Elyvilon
Qazlal
Trog
Uskayaw
Wu Jian
Xom
Yredelemnul
Zin
The Shining One

Shops:
D:4 (   D:5 *   D:6 [

Annotations:
D:4 3 runed translucent doors, voshxx's ghost, amateur MiFi


Message History

Press: ? - help, Dir - move target cursor, f - two-headed ogre Smite: a two-headed ogre, wielding two +0 giant spiked clubs (lightly wounded)
You smite the two-headed ogre!
The two-headed ogre is moderately wounded.
The two-headed ogre hits you but does no damage.
You block the two-headed ogre's attack.
You slash the two-headed ogre!
The two-headed ogre is heavily wounded.
You slash the two-headed ogre!
The two-headed ogre is severely wounded.
The two-headed ogre hits you with a +0 giant spiked club!
* * * LOW HITPOINT WARNING * * *
You block the two-headed ogre's attack.
Aiming: Smiting
Press: ? - help, Dir - move target cursor, f/p - two-headed ogre Smite: a two-headed ogre, wielding two +0 giant spiked clubs (severely wounded)
You smite the two-headed ogre!
The two-headed ogre is almost dead.
The two-headed ogre hits you with a +0 giant spiked club!
You die...

..........#### # .............#
### (............# ###..
....#.#.#.#..# ##...#
............## ###..###
....#.#.#.#.## ###########.....##
.............###......##...#....#
##..#.#.#.#...#..........####...#
##.........#...@.......## #....
#.#.#.#.#..#.O).......## #####
#(.....................#
###########...........##
#..........## #### ##.......###
###..## ##.....## ##.....##
###.### ###........ #.#
##......#.#.


You could see a two-headed ogre.

Vanquished Creatures
  A hippogriff (D:7)
  Eustachio (D:6)
  Edmund (D:6)
  Duvessa (D:6)
  A water moccasin (D:7)
  A sky beast (D:7)
  3 ogres
  A centaur (D:5)
  2 big kobolds
  2 bullfrogs
  Blork the orc (D:4)
  Dowan (D:6)
  5 scorpions
  A wyvern skeleton (D:7)
  A howler monkey (D:6)
  A crimson imp (D:5)
  2 hounds (D:5)
  A gnoll shaman (D:7)
  A jelly (D:6)
  2 bullfrog skeletons
  6 orc wizards
  Natasha (thrice) (D:2)
  4 worker ants
  A hound skeleton (D:5)
  Robin (D:2)
  7 adders
  2 shadow imps
  An ooze (D:3)
  2 adder zombies
  An adder skeleton (D:5)
  A worm (D:2)
  4 leopard geckos
  13 orcs
  2 bats
  4 giant cockroaches
  11 hobgoblins
  11 jackals
  4 quokkas
  2 ball pythons
  7 frilled lizards
  10 goblins
  9 kobolds
  5 rats
141 creatures vanquished.

Vanquished Creatures (others)
  Sigmund (D:6)
  2 orcs (D:6)
3 creatures vanquished.

Grand Total: 144 creatures vanquished

Notes
Turn   | Place    | Note
-------+----------+-------------------------------------------
     0 | D:1      | Hatywr the Hill Orc Monk began the quest for the Orb.
     0 | D:1      | Reached XP level 1. HP: 19/19 MP: 1/1
   141 | D:1      | Reached XP level 2. HP: 13/26 MP: 2/2
   469 | D:1      | Reached skill level 5 in Axes
  1112 | D:2      | Noticed Natasha
  1118 | D:2      | Reached XP level 3. HP: 31/31 MP: 3/3
  1133 | D:2      | Killed Natasha
  1133 | D:2      | Reached skill level 6 in Axes
  1321 | D:2      | Reached XP level 4. HP: 39/39 MP: 4/4
  1347 | D:2      | Found a glowing golden altar of the Shining One.
  1446 | D:2      | Noticed Natasha
  1461 | D:2      | Killed Natasha
  1731 | D:2      | Reached skill level 7 in Axes
  1862 | D:2      | Noticed Robin
  1879 | D:2      | Killed Robin
  1884 | D:2      | Reached XP level 5. HP: 29/45 MP: 5/5
  2191 | D:2      | Noticed Natasha
  2339 | D:2      | Killed Natasha
  2593 | D:3      | Found an ornate altar of the Wu Jian Council.
  2597 | D:3      | Found a shimmering altar of Xom.
  2601 | D:3      | Found a bloodstained altar of Trog.
  2602 | D:3      | Found a snail-covered altar of Cheibriados.
  2603 | D:3      | Found a basalt altar of Yredelemnul.
  2603 | D:3      | Found a hide-covered altar of Uskayaw.
  2603 | D:3      | Found a stormy altar of Qazlal.
  2605 | D:3      | Found a shattered altar of Ashenzari.
  2607 | D:3      | Found a shadowy altar of Dithmenos.
  2657 | D:3      | Reached skill level 8 in Axes
  2999 | D:4      | Noticed an ogre
  3006 | D:4      | Killed an ogre
  3006 | D:4      | Reached skill level 9 in Axes
  3006 | D:4      | Reached XP level 6. HP: 25/51 MP: 6/6
  3157 | D:4      | Found a white marble altar of Elyvilon.
  3217 | D:4      | Found a runed translucent gate.
  3217 | D:4      | Found a runed translucent gate.
  3217 | D:4      | Found a runed translucent gate.
  3220 | D:4      | Noticed voshxx's ghost (amateur MiFi)
  3373 | D:4      | Noticed Blork the orc
  3389 | D:4      | Killed Blork the orc
  3652 | D:4      | Found Ilorar's Antique Weapon Shoppe.
  3814 | D:5      | Entered Level 5 of the Dungeon
  3827 | D:5      | Found a staircase to the Ecumenical Temple.
  3865 | D:5      | Reached skill level 10 in Axes
  3865 | D:5      | Reached XP level 7. HP: 51/57 MP: 7/7
  4166 | D:5      | Found a glowing silver altar of Zin.
  4166 | D:5      | Found a white marble altar of Elyvilon.
  4167 | D:5      | Found a glowing golden altar of the Shining One.
  4478 | D:5      | Reached skill level 11 in Axes
  4837 | D:5      | Found Kazah's General Store.
  4845 | D:5      | Bought a potion of heal wounds for 75 gold pieces
  4845 | D:5      | Bought a scroll of teleportation for 45 gold pieces
  5075 | D:5      | Reached XP level 8. HP: 6/64 MP: 8/8
  5729 | D:6      | Reached skill level 12 in Axes
  5769 | D:6      | Noticed Duvessa
  5769 | D:6      | Noticed Dowan
  6031 | D:6      | Noticed Eustachio
  6098 | D:6      | Killed Eustachio
  6098 | D:6      | Reached skill level 13 in Axes
  6250 | D:6      | Noticed Sigmund
  6251 | D:6      | Noticed Edmund
  6275 | D:6      | Killed Edmund
  6299 | D:6      | Killed Duvessa
  6344 | D:6      | Killed Sigmund
  6344 | D:6      | Reached skill level 14 in Axes
  6355 | D:6      | Killed Dowan
  6409 | D:6      | Reached XP level 9. HP: 59/70 MP: 9/9
  6511 | D:6      | Found Hibah's Armour Boutique.
  6612 | D:6      | Became a worshipper of Beogh the Brigand
  6612 | D:6      | Reached * piety under Beogh
  6612 | D:6      | Reached ** piety under Beogh
  7060 | D:7      | Reached skill level 15 in Axes
  7815 | D:8      | Noticed a two-headed ogre
  7823 | D:7      | Reached skill level 16 in Axes
  7836 | D:7      | Slain by a two-headed ogre

Skill      XL: |  1  2  3  4  5  6  7  8  9 |
---------------+----------------------------+-----
Axes           | 5 6 7 9 10 11 14 16 | 16.0
Fighting       | |  3.6
Dodging        | |  2.4
Stealth        | |  1.5

Action                   |  1- 3 |  4- 6 |  7- 9 || total
-------------------------+-------+-------+-------++-------
Melee: Hand axe          |    82 |    49 |       ||   131
       War axe           |       |   125 |   456 ||   581
Invok: Smiting           |       |       |     2 ||     2
       Convert to Beogh  |       |       |     1 ||     1
  Use: Potion            |     1 |       |     6 ||     7
       Scroll            |       |       |     7 ||     7
 Stab: Sleeping          |     2 |       |       ||     2
  Eat: Chunk             |     1 |     8 |     5 ||    14
       Ration            |       |       |     3 ||     3
Armor: Robe              |    14 |       |       ||    14
       Ring mail         |     2 |    67 |    57 ||   126
       Skin              |       |     2 |    37 ||    39
       Plate armour      |       |       |   211 ||   211
Dodge: Dodged            |    56 |    83 |    44 ||   183
Block: Large shield      |       |    28 |   247 ||   275
